 Dungeon Crawl Stone Soup version 0.30-a0-568-g124715a40b (webtiles) character file.

Game seed: 9601338340684208644

57668 Shayle the Black Sun (level 14, -8/88 HPs)
             Began as a Tengu Reaver on Dec 28, 2022.
             Was a High Priest of Kikubaaqudgha.
             Mangled by a very large slime creature (39 damage)
             ... on level 13 of the Dungeon.
             The game lasted 01:35:17 (26676 turns).

Shayle the Black Sun (Tengu Reaver)                Turns: 26676, Time: 01:35:17

Health: -8/88      AC: 26    Str: 14    XL:     14   Next: 87%
Magic:  7/26       EV: 18    Int: 17    God:    Kikubaaqudgha [*****.]
Gold:   1147       SH:  0    Dex: 13    Spells: 4/28 levels left

rFire   . . .      SeeInvis +    o - +7 staff of the Meek {protect, meekguard}
rCold   . . .      Faith    .    (shield currently unavailable)
rNeg    . . .      Spirit   .    I - +1 steam dragon scales
rPois   .          Reflect  .    A - +1 hat {SInv}
rElec   .          Harm     .    s - +2 cloak
rCorr   .          Rampage  .    (no gloves)
Will    ++...                    (boots unavailable)
Stlth   +                        S - amulet of the acrobat
HPRegen 0.34/turn                C - ring of willpower
MPRegen 0.20/turn                m - ring of wizardry

@: under a protective aura, flying quickly and evasively, quick
A: beak, talons 3, nimble flight
a: Renounce Religion, Unearth Wretches, Torment


You were on level 13 of the Dungeon.
You worshipped Kikubaaqudgha.
Kikubaaqudgha was extremely pleased with you.
You visited 3 branches of the dungeon, and saw 19 of its levels.
You also visited: Ossuary.

You collected 1147 gold pieces.

Inventory:

Hand Weapons
 b - the +2 glaive "Orb Guardian's Death" {speed, Will+}
   (You found it on level 11 of the Dungeon)

   Attacks with this weapon are significantly faster.
   Will:      It increases your willpower.
 n - the +7 dagger "Eduetust" {heavy, rCorr Str+4}
   (You found it on level 6 of the Dungeon)

   It deals dramatically more damage, but attacks with it are much slower.
   Str:       It affects your strength (+4).
   rCorr:     It protects you from acid and corrosion.
 o - the +7 staff of the Meek (weapon) {protect, meekguard}
   (You found it on level 3 of the Dungeon)

   It grants its wielder temporary protection when it strikes (+7 to AC).
   It provides extra protection to wielders with little health.
 t - a +1 long sword of draining
Missiles
 h - 3 datura-tipped darts
 i - 3 throwing nets
 r - 5 silver boomerangs
 u - 5 curare-tipped darts (quivered)
Armour
 s - a +2 cloak (worn)
 v - +0 ice dragon scales
 A - a +1 hat of see invisible (worn)
 H - a +3 leather armour
 I - +1 steam dragon scales (worn)
 O - a +0 buckler
Jewellery
 c - a ring of magical power
 m - a ring of wizardry (right hand)
 C - a ring of willpower (left hand)
 S - an amulet of the acrobat (around neck)
 X - a ring of the Octopus King {HP+2 AC+2 EV+2 SH+2 SInv}
   (You found it on level 5 of the Lair of Beasts)

   [ring of see invisible]

   AC:        It affects your AC (+2).
   EV:        It affects your evasion (+2).
   HP:        It affects your health (+2).
   SInv:      It lets you see invisible.
   SH:        It affects your SH (+2).
Wands
 z - a wand of flame (29)
 K - a wand of digging (2)
 P - a wand of charming (11)
 V - a wand of iceblast (10)
Scrolls
 a - 2 scrolls of amnesia
 f - 4 scrolls of identify
 k - a scroll of poison
 B - a scroll of brand weapon
 D - a scroll of fog
 J - 6 scrolls of teleportation
 T - 2 scrolls of enchant weapon
Potions
 g - 3 potions of mutation
 j - a potion of ambrosia
 p - 5 potions of brilliance
 q - a potion of haste
 x - 5 potions of cancellation
 E - 2 potions of magic
 F - 6 potions of attraction
 M - 3 potions of lignification
 N - 2 potions of berserk rage
 Q - 2 potions of curing
 U - a potion of resistance
 W - a potion of might
Miscellaneous
 w - a condenser vane (inert)


   Skills:
 + Level 10.9 Fighting
 - Level 3.2(7.5) Polearms
 + Level 10.5(10.8) Staves
 + Level 8.6 Armour
 - Level 8.3 Dodging
 * Level 7.7 Spellcasting
 - Level 8.0 Conjurations
 + Level 11.4 Necromancy
 - Level 5.6 Fire Magic
 + Level 8.6 Earth Magic


You had 4 spell levels left.
You knew the following spells:

 Your Spells              Type           Power      Damage    Failure   Level
a - Kiss of Death         Conj/Necr      100%       2d13      1%          1
b - Vampiric Draining     Necr           45%        2d9       1%          3
c - Fireball              Conj/Fire      14%        3d8       8%          5
d - Dispel Undead         Necr           45%        3d17      1%          4
e - Borgnjor's Vile Clut  Necr/Erth      20%        N/A       1%          5
f - Death Channel         Necr           22%        N/A       6%          6

Your spell library contained the following spells:

 Spells                   Type           Power      Damage    Failure   Level
 Foxfire                  Conj/Fire      100%       2x1d9     1%          1
 Magic Dart               Conj           100%       1d8       1%          1
 Necrotise                Necr           100%       1d9       1%          1
 Cigotuvi's Dreadful Rot  Necr/Pois/Air  38%        N/A       1%          2
 Momentum Strike          Conj/Tloc      40%        3d9       1%          2
 Searing Ray              Conj           66%        2d6       1%          2
 Sublimation of Blood     Necr           45%        N/A       1%          2
 Hailstorm                Conj/Ice       20%        3d6       2%          3
 Anguish                  Hex/Necr       12%        N/A       4%          4
 Wereblood                Tmut           6%         N/A       6%          2
 Kindle Blastsparks       Fire/Tloc/Air  26%        2d12      6%          3
 Leda's Liquefaction      Hex/Erth       10%        N/A       8%          4
 Fulminant Prism          Conj/Hex       10%        3d9       9%          4
 Iskenderun's Mystic Bla  Conj/Tloc      20%        2d6       9%          4
 Call Canine Familiar     Summ           6%         N/A       13%         3
 Confusing Touch          Hex            6%         N/A       13%         3
 Portal Projectile        Hex/Tloc       12%        N/A       13%         3
 Agony                    Necr           45%        N/A       1%          5
 Lee's Rapid Deconstruct  Erth           17%        3d11*     3%          5
 Starburst                Conj/Fire      14%        6d6       36%         6
 Simulacrum               Ice/Necr       12%        N/A       52%         6
 Summon Hydra             Summ           3%         N/A       100%        7


Dungeon Overview and Level Annotations

Branches:
Dungeon (13/15)            Temple (1/1) D:7            Lair (5/5) D:8
 Shoals (0/4) Lair:3       Spider (0/4) Lair:3          Orc (0/2) D:9
Ossuary (visited)
  Slime: Lair:4-5    Vaults: D:13-14

Altars:
Ashenzari
Cheibriados
Dithmenos
Elyvilon
Fedhas
Gozag
Hepliaklqana
Kikubaaqudgha
Makhleb
Nemelex Xobeh
Okawaru
Qazlal
Ru
Sif Muna
Trog
Uskayaw
Vehumet
Wu Jian
Xom
Yredelemnul
Zin
The Shining One

Portals:
Gauntlet: D:13

Annotations:
D:4 3 runed translucent doors, Imper's ghost, amateur DrBr
D:10 Josephine


Innate Abilities, Weirdness & Mutations

You have a beak for a mouth.
You have claws for feet.
Your magical nature lets you fly swiftly and evasively.


Message History

The fireball engulfs the slime creature!
The slime creature is moderately wounded.
The fireball engulfs the slime creature!!
The slime creature is moderately wounded.
A slime creature comes into view.
Two slime creatures merge to form a large slime creature.
Casting: Fireball (dangerous; 8% risk of failure)
Confirm with . or Enter, or press ? or * to list all spells.
Aiming: Fireball (dangerous; 8% risk of failure)
Press: ? - help, Shift-Dir - straight line, f/p - large slime creature
Aim: a large slime creature (moderately wounded)
The fireball explodes!
The fireball engulfs the large slime creature!
The large slime creature is heavily wounded.
The fireball engulfs the slime creature!
The slime creature is heavily wounded.
Two slime creatures merge to form a very large slime creature.
Casting: Fireball (dangerous; 8% risk of failure)
Confirm with . or Enter, or press ? or * to list all spells.
Aiming: Fireball (dangerous; 8% risk of failure)
Press: ? - help, Shift-Dir - straight line, f/p - very large slime creature
Aim: a very large slime creature (heavily wounded)
The fireball explodes!
The fireball engulfs the very large slime creature!
The very large slime creature is heavily wounded.
You thump the very large slime creature!
You claw the very large slime creature.
You peck the very large slime creature, but do no damage.
The very large slime creature is heavily wounded.
The very large slime creature barely misses you.
You sock the very large slime creature! You claw the very large slime creature.
The very large slime creature is severely wounded.
The very large slime creature hits you!!!
Aiming: Charm
Press: ? - help, Shift-Dir - straight line, f/p - very large slime creature
Aim: a very large slime creature (severely wounded, chance to affect: 31%)
The very large slime creature easily resists.
The very large slime creature hits you!!!
You die...
Kikubaaqudgha rasps: "You have failed me!
Welcome... death!"

#.... ##...## .
####.....## #.
##∩........## ..
............# .#
#.........# .#
#....<....# .#
#.........###.#
............JJ@.#
####.......####.#
#.........# .#
..####...### .#
.$. J#...# .# ..
≈J#...#≈ ..
#≈≈#...# ..
#≈≈#### .#


You could see a very large slime creature and a slime creature.

Vanquished Creatures
  Gastronok (D:8)
  A dire elephant (Lair:3)
  2 slime creatures (D:11)
  A merfolk avatar (Lair:5)
  A catoblepas (Lair:1)
  3 hydras
  A boulder beetle (Lair:2)
  2 two-headed ogres
  2 cyclopes
  25 elephants
  2 gargoyles (D:12)
  5 black mambas
  Maggie (D:7)
  5 cane toads
  An unseen horror (D:11)
  A kobold demonologist (D:10)
  8 komodo dragons
  A rime drake (Lair:2)
  5 trolls
  A hornet (Lair:2)
  6 polar bears
  10 blink frogs
  6 dream sheep (Lair:4)
  Prince Ribbit (D:7)
  A jumping spider (Lair:2)
  A wraith (D:12)
  34 yaks
  2 culicivoras
  A spriggan (Lair:2)
  5 wyverns
  A shadow (D:12)
  A vampire (D:12)
  5 basilisks
  6 vampire mosquitoes
  2 redbacks (Lair:3)
  Duvessa (D:4)
  11 water moccasins
  2 acid dragons
  2 black bears
  2 orc warriors
  3 sky beasts
  8 wolves
  5 centaurs
  An ogre (D:4)
  4 boggarts (Lair:3)
  A phantom (D:7)
  A kobold brigand (D:11)
  11 bullfrogs
  A gnoll sergeant (D:8)
  A necrophage (D:7)
  5 scorpions
  3 water moccasin zombies (Ossuary)
  Dowan (D:4)
  14 killer bees
  3 howler monkeys (D:8)
  2 hounds (D:5)
  A jelly (D:7)
  10 orc priests
  2 gnoll boudas (D:4)
  An iguana (D:7)
  8 orc wizards
  5 hell rats (D:8)
  3 mummies
  9 adders
  18 gnolls
  8 river rats (D:8)
  3 white imps (D:7)
  2 ufetubi
  4 adder zombies (Ossuary)
  2 worms
  A dart slug (D:2)
  44 orcs
  7 endoplasms
  3 giant cockroaches
  3 goblins
  6 hobgoblins
  3 jackals (D:3)
  7 quokkas
  7 ball pythons
  10 bats
  3 frilled lizards
  3 gnoll zombies (Ossuary)
  A goblin zombie (D:6)
  7 hobgoblin zombies (Ossuary)
  21 kobolds
  3 kobold zombies (Ossuary)
  7 orc zombies
  18 rats
463 creatures vanquished.

Vanquished Creatures (collateral kills)
  2 hydras (Lair:4)
  3 oklob plants (Lair:4)
  A manticore (Lair:5)
  2 elephants
  3 rime drakes
  2 polar bears (Lair:5)
  A blink frog (Lair:5)
  A slime creature (D:11)
  3 yaks (Lair:4)
  A water moccasin (Lair:4)
  A kobold brigand (D:8)
  4 killer bees
  A howler monkey (D:11)
  A kobold (D:8)
26 creatures vanquished.

Vanquished Creatures (others)
  A centaur (D:7)
  2 killer bees (D:7)
  An orc wizard (D:3)
  An orc (D:4)
  119 fungi
  195 plants
319 creatures vanquished.

Grand Total: 808 creatures vanquished

Notes
Turn   | Place    | Note
-------+----------+-------------------------------------------
     0 | D:1      | Shayle the Tengu Reaver began the quest for the Orb.
     0 | D:1      | Reached XP level 1. HP: 12/12 MP: 4/4
    46 | D:1      | Reached skill level 1 in Necromancy
    99 | D:1      | Reached XP level 2. HP: 14/17 MP: 6/6
   602 | D:1      | Reached XP level 3. HP: 22/22 MP: 7/7
   709 | D:1      | Reached skill level 2 in Necromancy
  1159 | D:2      | Reached XP level 4. HP: 26/27 MP: 8/8
  1456 | D:2      | Found a shadowy altar of Dithmenos.
  1631 | D:3      | Found the +7 staff of the Meek {protect, meekguard}
  1636 | D:3      | Reached skill level 3 in Necromancy
  1942 | D:3      | Gained mutation: Your magical nature lets you fly swiftly
                  | and evasively. [Tengu growth]
  1942 | D:3      | Reached XP level 5. HP: 31/32 MP: 9/9
  2067 | D:3      | Reached skill level 1 in Staves
  2082 | D:3      | Reached skill level 4 in Necromancy
  2082 | D:3      | Reached XP level 6. HP: 35/37 MP: 10/10
  2778 | D:4      | Noticed Duvessa
  2778 | D:4      | Noticed Dowan
  2881 | D:5      | Entered Level 5 of the Dungeon
  2881 | D:5      | Noticed a black bear
  2892 | D:4      | Killed Duvessa
  2897 | D:4      | Killed Dowan
  3035 | D:4      | Learned a level 3 spell: Vampiric Draining
  3041 | D:4      | Learned a level 5 spell: Fireball
  3113 | D:4      | Reached XP level 7. HP: 11/42 MP: 11/11
  3295 | D:4      | Noticed Imper's ghost (amateur DrBr)
  3587 | D:4      | Found a blossoming altar of Fedhas.
  3594 | D:4      | Found a shimmering blue altar of Sif Muna.
  3594 | D:4      | Found a glowing silver altar of Zin.
  3601 | D:4      | Found a sparkling altar of Nemelex Xobeh.
  3601 | D:4      | Found a hazy altar of Hepliaklqana.
  3718 | D:4      | Found a runed translucent gate.
  3719 | D:4      | Found a runed translucent gate.
  3729 | D:4      | Found a runed translucent gate.
  3834 | D:4      | Reached skill level 5 in Necromancy
  4126 | D:4      | Reached skill level 1 in Fire Magic
  4622 | D:5      | Reached XP level 8. HP: 48/48 MP: 12/12
  4769 | D:4      | Reached skill level 5 in Conjurations
  4783 | D:4      | Reached skill level 5 in Dodging
  5371 | D:6      | Identified the +7 dagger "Eduetust" {heavy, rCorr Str+4}
  5420 | D:6      | Found a sand-covered staircase.
  5426 | Ossuary  | Entered an ossuary
  5497 | Ossuary  | Reached skill level 6 in Necromancy
  5659 | D:6      | Reached skill level 5 in Fighting
  6151 | D:6      | Reached XP level 9. HP: 54/54 MP: 13/13
  6515 | D:8      | Noticed Maggie
  6550 | D:7      | Noticed Prince Ribbit
  6567 | D:7      | Killed Maggie
  6609 | D:7      | Killed Prince Ribbit
  6610 | D:7      | Reached skill level 5 in Staves
  6790 | D:7      | Found a staircase to the Ecumenical Temple.
  6796 | Temple   | Entered the Ecumenical Temple
  6803 | Temple   | Became a worshipper of Kikubaaqudgha
  7038 | D:7      | Reached skill level 7 in Necromancy
  7427 | D:8      | Noticed Gastronok
  7543 | D:8      | Reached * piety under Kikubaaqudgha
  7543 | D:8      | Received a gift from Kikubaaqudgha
  7707 | D:8      | Reached skill level 5 in Fire Magic
  7842 | D:8      | Noticed a komodo dragon
  7879 | D:8      | Killed a komodo dragon
  7880 | D:8      | Reached XP level 10. HP: 44/60 MP: 3/14
  8071 | D:8      | Found a staircase to the Lair.
  8076 | Lair:1   | Entered Level 1 of the Lair of Beasts
  8617 | Lair:1   | Reached skill level 1 in Earth Magic
  8741 | Lair:1   | Noticed a black mamba
  8939 | Lair:2   | Reached skill level 8 in Necromancy
  9280 | Lair:2   | Reached XP level 11. HP: 47/67 MP: 3/15
  9400 | Lair:2   | Reached ** piety under Kikubaaqudgha
  9903 | Lair:2   | Found a stormy altar of Qazlal.
 10082 | Lair:2   | Noticed a boulder beetle
 10190 | Lair:2   | Killed a boulder beetle
 10409 | Lair:2   | Identified the +1 chain mail "Neenajapp" {-Cast Rampage rC+
                  | Regen+}
 10940 | Lair:1   | Reached skill level 1 in Armour
 11620 | D:8      | Reached skill level 5 in Earth Magic
 11620 | D:8      | Reached XP level 12. HP: 39/75 MP: 1/19
 11905 | D:8      | Killed Gastronok
 12287 | D:9      | Reached skill level 9 in Necromancy
 12406 | D:9      | Found a staircase to the Orcish Mines.
 12888 | D:9      | Reached skill level 5 in Armour
 13206 | D:10     | Entered Level 10 of the Dungeon
 13404 | D:10     | Found an opulent altar of Gozag.
 13408 | D:10     | Found a sacrificial altar of Ru.
 13489 | D:10     | Learned a level 4 spell: Dispel Undead
 13519 | D:10     | Noticed a two-headed ogre
 13547 | D:10     | Killed a two-headed ogre
 13653 | D:10     | Noticed Josephine
 13989 | D:10     | Reached *** piety under Kikubaaqudgha
 13989 | D:10     | Received a gift from Kikubaaqudgha
 14002 | D:10     | Learned a level 5 spell: Borgnjor's Vile Clutch
 14462 | Lair:1   | Identified the +1 plate armour of the Beastly Camelopard
                  | {Will+}
 14488 | Lair:1   | Noticed a catoblepas
 14620 | Lair:1   | Killed a catoblepas
 14621 | Lair:1   | Reached XP level 13. HP: 31/80 MP: 2/20
 17544 | Lair:3   | Reached skill level 10 in Necromancy
 19336 | Lair:3   | Noticed a dire elephant
 19349 | Lair:3   | Killed a dire elephant
 19644 | Lair:2   | Reached skill level 10 in Fighting
 19652 | Lair:2   | Reached skill level 5 in Spellcasting
 19784 | Lair:2   | Reached **** piety under Kikubaaqudgha
 20669 | Lair:3   | Found a staircase to the Shoals.
 20811 | Lair:3   | Reached XP level 14. HP: 88/88 MP: 12/23
 20925 | Lair:3   | Found a hole to the Spider Nest.
 21107 | Lair:2   | Learned a level 6 spell: Death Channel
 22489 | Lair:4   | Reached skill level 10 in Staves
 23057 | Lair:4   | Reached skill level 11 in Necromancy
 23672 | Lair:5   | Entered Level 5 of the Lair of Beasts
 24088 | Lair:5   | Found the ring of the Octopus King
 24113 | Lair:5   | Identified a ring of the Octopus King {HP+2 AC+2 EV+2 SH+2
                  | SInv}
 25048 | D:11     | Reached ***** piety under Kikubaaqudgha
 25736 | D:11     | Identified the +2 glaive "Orb Guardian's Death" {speed,
                  | Will+}
 26660 | D:13     | Found a gate leading to a gauntlet.
 26676 | D:13     | Mangled by a very large slime creature

Illustrated notes

Levels and vault maps discovered:
D:1:      kennysheep_arrival_forest, layout_basic
D:2:      layout_rooms, serial_curves, eino_curves_04, eino_curves_01,
          basic_altar, chequers_hall_statues_corner_a, minmay_tetromino_t4
D:3:      layout_loops_corners, pf_guarded_unrand_meek
D:4:      layout_cave_pools, minmay_overflow_temple_star_hex,
          gammafunk_ghost_icy, minmay_diced_spiral, uniq_duvessa
D:5:      layout_loops_cross
D:6:      layout_loops_corners, nicolae_ossuary_entry_giza
D:7:      layout_rooms, minmay_temple_entry_hall, uniq_prince_ribbit1
D:8:      lemuel_ratsnest, layout_basic, grunt_lair_entry_orc_guard_hut,
          uniq_erica, uniq_maggie, uniq_gastronok
D:9:      layout_roguey, hiddenorc2_lemuel
D:10:     layout_loops_corners, grunt_temple_overflow_open, uniq_josephine
D:11:     layout_basic, grunt_ministairs_15
D:12:     layout_rooms
D:13:     gammafunk_wand_slinger, layout_rooms, serial_aquarium,
          aquarium_bridge_square [aquarium_subvault_wall,
          aquarium_subvault_bridge, aquarium_subvault_bridge,
          aquarium_subvault_bridge], aquarium_window_1, aquarium_window_2,
          aquarium_view_2d, aquarium_view_2e, aquarium_balcony_3b,
          gauntlet_entry_generic, nicolae_diode_stairs
Temple:   nicolae_temple_no_exploring_needed
Lair:1:   layout_cave_pods, infiniplex_staircase_pool
Lair:2:   layout_gridlike, basic_altar
Lair:3:   mu_elephants_graveyard, layout_long_grid, shoals_dummy_entry,
          spider_nest_entry_funnel_web, nicolae_quartered_pool_little,
          kilobyte_rumbling_trees
Lair:4:   minmay_lair_oklob_chamber, layout_gridlike
Lair:5:   gammafunk_lair_ancient_temple, layout_gridlike,
          minmay_slime_entry_oklob_enclosed

Skill      XL: |  1  2  3  4  5  6  7  8  9 10 11 12 13 14 |
---------------+-------------------------------------------+-----
Necromancy     | 1 2 3 4 5 6 7 8 9 10 11 | 11.4
Dodging        | 3 4 5 6 7 8 |  8.3
Fighting       | 3 4 5 6 7 8 9 10 | 10.9
Staves         | 1 2 3 4 5 6 7 8 9 10 | 10.5
Fire Magic     | 1 3 5 |  5.6
Conjurations   | 6 7 8 |  8.0
Earth Magic    | 2 5 6 8 |  8.6
Armour         | 4 5 7 8 |  8.6
Spellcasting   | 4 5 7 |  7.7
Polearms       | |  3.2

Action                   |  1- 3 |  4- 6 |  7- 9 | 10-12 | 13-15 || total
-------------------------+-------+-------+-------+-------+-------++-------
Melee: Spear             |    31 |       |       |       |       ||    31
       Kick              |    21 |    20 |    77 |   114 |   118 ||   350
       Peck              |    11 |     7 |    45 |    79 |    61 ||   203
       Short sword       |    46 |    27 |       |       |       ||    73
       Quarterstaff      |       |    77 |   327 |   360 |   264 ||  1028
Throw: Dart              |       |       |       |       |     2 ||     2
       Throwing net      |       |       |       |       |     1 ||     1
 Cast: Vampiric Draining |       |       |     3 |    16 |     1 ||    20
       Fireball          |       |       |     2 |    43 |    72 ||   117
       Borgnjor's Vile C |       |       |       |     4 |   176 ||   180
       Death Channel     |       |       |       |       |    10 ||    10
Evoke: Wand              |       |       |     9 |    25 |    12 ||    46
       Condenser vane    |       |       |       |     1 |     1 ||     2
  Use: Potion            |       |     5 |     2 |     7 |     3 ||    17
       Scroll            |       |     4 |    17 |     9 |     8 ||    38
 Stab: Sleeping          |     1 |       |     1 |       |       ||     2
       Invisible         |       |       |       |     2 |       ||     2
Armor: Leather armour    |    23 |    37 |   104 |    40 |       ||   204
       Steam dragon scal |       |       |       |    31 |   113 ||   144
Dodge: Dodged            |    50 |    73 |   256 |   262 |   387 ||  1028

Table legend: (Time is in decaauts)
 A = Elapsed time spent in this place.
 B = Non-inter-level travel time spent in this place.
 C = Inter-level travel time spent in this place.
 D = Time resting spent in this place.
 E = Time spent auto-exploring this place.
 F = Levels seen in this place.
 G = Mean time per level.
                   A        B        C        D        E       F      G
               +--------+--------+--------+--------+--------+-----+--------+
         Total |  25590 |  24356 |   1234 |  10339 |   7673 |  20 | 1279.5 |
       Dungeon |  13009 |  12383 |    626 |   3293 |   5580 |  13 | 1000.7 |
        Temple |     13 |     13 |      0 |      0 |      0 |   1 |   13.0 |
          Lair |  12362 |  11754 |    608 |   7012 |   2092 |   5 | 2472.4 |
       Ossuary |    205 |    205 |      0 |     33 |      0 |   1 |  205.0 |
               +--------+--------+--------+--------+--------+-----+--------+

Top non-repeatable levels by time:
  Lair:2: 5831 daAuts
  Lair:1: 2307 daAuts
  Lair:3: 2059 daAuts
  Lair:4: 1884 daAuts
     D:8: 1774 daAuts
    D:11: 1657 daAuts
     D:4: 1563 daAuts
     D:3: 1208 daAuts
    D:10: 1128 daAuts
     D:7: 1018 daAuts
     D:1: 1014 daAuts
     D:9: 999 daAuts
     D:5: 912 daAuts
     D:6: 812 daAuts
     D:2: 580 daAuts
